 Dungeon Crawl Stone Soup version 0.22-a0-422-g9628fc8 (webtiles) character file.

23772 4thArraOfDagon the Cleaver (level 13, -3/129 HPs)
             Began as a Gargoyle Berserker on May 16, 2018.
             Was an Elder of Trog.
             Slain by a 20-headed hydra (8 damage)
             ... on level 3 of the Lair of Beasts.
             The game lasted 00:23:57 (3754 turns).

4thArraOfDagon the Cleaver (Gargoyle Berserker)     Turns: 3754, Time: 00:23:57

Health: -3/129     AC: 21    Str: 29    XL:     13   Next: 8%
Magic:  22/22      EV: 11    Int: 15    God:    Trog [****..]
Gold:   271        SH:  0    Dex:  9    Spells: 12/12 levels left

rFire    . . .     SeeInvis +   f - +3 hand axe
rCold    + . .     Gourm    .   (no shield)
rNeg     + . .     Faith    .   u - +4 ring mail of the Poles {Str-2 Int+5 Slay+3}
rPois    ∞         Spirit   .   A - +0 hat {SInv}
rElec    +         Reflect  .   (no cloak)
rCorr    .         Harm     .   (no gloves)
MR       ++...                  (no boots)
Stlth    ..........             (no amulet)
HPRegen  1.31/turn              t - ring of Col Fang {rPois MP+9 Int+2 Slay+2}
MPRegen  0.18/turn              F - ring "Pumniast" {rElec rC+}

@: berserking, regenerating, very quick
A: negative energy resistance 1, electricity resistance, unbreathing,
petrification resistance, rot immunity, AC +9
a: Berserk, Trog's Hand, Brothers in Arms, Renounce Religion


You were on level 3 of the Lair of Beasts.
You worshipped Trog.
Trog was greatly pleased with you.
You were very hungry.

You visited 3 branches of the dungeon, and saw 15 of its levels.
You also visited: Labyrinth and Ossuary.

You collected 627 gold pieces.
You spent 356 gold pieces at shops.

Inventory:

Hand Weapons
 a - a +0 hand axe
 f - a +3 hand axe (weapon)
 l - a +0 war axe
Missiles
 L - 4 throwing nets (quivered)
Armour
 e - a +0 plate armour
 u - the +4 ring mail of the Poles (worn) {Str-2 Int+5 Slay+3}
   (You found it on level 6 of the Dungeon)

   It affects your strength (-2).
   It affects your intelligence (+5).
   It affects your accuracy and damage with ranged weapons and melee attacks
   (+3).
 w - a +0 troll leather armour
 A - a +0 hat of see invisible (worn)
 H - a +2 plate armour of cold resistance
Jewellery
 b - an uncursed ring of poison resistance
 i - an uncursed ring of ice
 t - the ring of Col Fang (left hand) {rPois MP+9 Int+2 Slay+2}
   (You bought it in a shop on level 5 of the Dungeon)

   [ring of intelligence]

   It affects your intelligence (+2).
   It affects your accuracy and damage with ranged weapons and melee attacks
   (+2).
   It protects you from poison.
   It affects your magic capacity (+9).
 F - the ring "Pumniast" (right hand) {rElec rC+}
   (You bought it in a shop on level 11 of the Dungeon)

   [ring of protection from cold]

   It protects you from cold.
   It insulates you from electricity.
Wands
 j - a wand of digging (22)
 C - a wand of disintegration (1)
 E - a wand of acid (33)
 I - a wand of polymorph (7)
Scrolls
 d - 5 scrolls of fog {unknown}
 k - a scroll of fear
 n - a scroll of magic mapping {unknown}
 o - 2 scrolls of enchant weapon {unknown}
 p - 3 scrolls of random uselessness {unknown}
 q - 3 scrolls of teleportation
 r - 2 scrolls of amnesia {unknown}
 s - a scroll of remove curse {unknown}
 x - a scroll of blinking {unknown}
 y - 2 scrolls of summoning {unknown}
 J - a scroll of silence {unknown}
 M - 2 scrolls of identify
Potions
 g - 3 potions of resistance
 h - 4 potions of brilliance
 m - 5 potions of flight
 v - 2 potions of mutation
 z - a potion of berserk rage
 B - a potion of curing
 D - a potion of might
 G - a potion of lignification
 N - a potion of ambrosia
Comestibles
 c - 16 rations
 K - 2 chunks of flesh


   Skills:
 + Level 12.1 Fighting
 * Level 13.8 Axes
 + Level 11.9 Armour
 - Level 2.0 Dodging


You had 12 spell levels left.
You didn't know any spells.
Your spell library contained the following spells:

 Spells                   Type           Power        Failure   Level  Hunger
 Controlled Blink         Tloc           N/A          100%        8    #######
 Dispersal                Tloc           #.........   100%        6    #######
 Portal Projectile        Hex/Tloc       #.....       71%         3    ####...
 Disjunction              Tloc           #.........   100%        8    #######
 Force Lance              Conj/Tloc      #.......     98%         4    #####..
 Gell's Gravitas          Tloc           #.........   71%         3    ####...


Dungeon Overview and Level Annotations

Branches:
Dungeon (11/15)              Lair (3/6) D:11            Orc (1/2) D:9
 Temple: D:4-7        Swamp: Lair:2-4    Shoals: Lair:2-4     Snake: Lair:2-4
 Spider: Lair:2-4

Altars:

Shops:
D:5 *   D:11 *!:


Innate Abilities, Weirdness & Mutations

You are resistant to torment.
Your stone body is resilient. (AC +9)
You are immune to poison.
You resist negative energy. (rN+)
You are resistant to electric shocks. (rElec)
You can survive without breathing.
You are immune to petrification.
You are immune to rotting.


Message History

Trog accepts your kill.
Unknown command.
Unknown command.
Unknown command.
Unknown command.
You hack one of the 19-headed hydra's heads off!
The 18-headed hydra grows two more!
You slash the 20-headed hydra!
The 20-headed hydra is severely wounded.
The 20-headed hydra bites you but does no damage.
The 20-headed hydra barely misses you.
The 20-headed hydra bites you but does no damage.
The 20-headed hydra bites you.
* * * LOW HITPOINT WARNING * * *
The 20-headed hydra bites you but does no damage. x2
The 20-headed hydra bites you.
* * * LOW HITPOINT WARNING * * *
The 20-headed hydra barely misses you.
The 20-headed hydra bites you but does no damage.
The 20-headed hydra barely misses you. The 20-headed hydra bites you!
You die...

#...#..... #.........
### #...#.....
#..#######...#.....
#.....P.##........## .
..#.......##P...<....#.#
.P......#..PP....# ..#..
N.....†@D..$...#.# .#..#
......†††......P.##.....
..#...........$..#.....#
#...........$.........#
##............#..#.....
...#............#.....#
#...#.............#....#
.## #.#...........P....#
..........[P........


You could see a 20-headed hydra and a naga.

Vanquished Creatures
  Gastronok (D:8)
  A minotaur (Lab)
  4 two-headed ogres
  4 unseen horrors (D:10)
  A deep elf archer (D:10)
  A deep elf mage (Orc:1)
  An ugly thing (D:11)
  Joseph (D:10)
  2 black mambas (Lair:3)
  2 spiny frogs (Lair:2)
  4 komodo dragons
  An efreet (D:10)
  5 trolls
  3 hippogriffs
  2 hornets
  A wraith (D:10)
  2 wyverns
  18 yaks
  A human (D:8)
  A vampire (D:10)
  A basilisk (Lair:3)
  A hungry ghost (D:8)
  2 hogs (D:8)
  A warg (D:9)
  3 water moccasins
  A porcupine (Lair:3)
  9 orc warriors
  3 sky beasts
  2 necrophages
  An ice beast (D:10)
  3 phantoms
  3 wolves (D:11)
  7 centaurs
  4 ogres
  A crocodile (Lair:3)
  A big kobold (D:8)
  11 bullfrogs
  A wyvern zombie (D:10)
  A water moccasin zombie (D:11)
  A scorpion (D:8)
  A water moccasin skeleton (D:10)
  3 killer bees (D:7)
  A wight (D:10)
  3 electric eels (D:11)
  3 howler monkeys
  2 crimson imps
  A bullfrog zombie (D:10)
  A centaur zombie (Ossuary)
  6 hounds
  4 human zombies (Ossuary)
  6 orc wizards
  8 orc priests
  A bullfrog skeleton (D:9)
  4 iguanas
  4 worker ants
  A killer bee zombie (D:10)
  A big kobold zombie (Ossuary)
  2 hound zombies (D:10)
  2 mummies (Ossuary)
  A worker ant zombie (D:10)
  A howler monkey skeleton (D:4)
  8 adders
  A shadow imp (D:10)
  An ooze (D:3)
  An adder zombie (Ossuary)
  A worm (D:2)
  2 dart slugs (D:1)
  4 leopard geckos
  42 orcs
  A ball python (D:3)
  2 bats (D:1)
  6 giant cockroaches
  2 goblins
  3 hobgoblins
  7 jackals
  9 kobolds
  4 quokkas
  2 frilled lizards
  A goblin zombie (Ossuary)
  11 hobgoblin zombies (Ossuary)
  5 kobold zombies (Ossuary)
  12 orc zombies (Ossuary)
  4 rats
  A rat zombie (Ossuary)
299 creatures vanquished.

Vanquished Creatures (collateral kills)
  Harold (Lair:1)
  A hydra (D:10)
  4 wights (D:10)
6 creatures vanquished.

Vanquished Creatures (others)
  An orc (Orc:1)
  A giant cockroach (D:1)
2 creatures vanquished.

Grand Total: 307 creatures vanquished

Notes
Turn   | Place    | Note
-------+----------+-------------------------------------------
     0 | D:1      | 4thArraOfDagon the Gargoyle Berserker began the quest for the Orb.
     0 | D:1      | Reached XP level 1. HP: 14/14 MP: 1/1
    53 | D:1      | Reached XP level 2. HP: 18/19 MP: 2/2
    93 | D:1      | Reached skill level 3 in Axes
   188 | D:2      | Reached XP level 3. HP: 18/23 MP: 3/3
   357 | D:2      | Reached ** piety under Trog
   373 | D:2      | Reached XP level 4. HP: 28/29 MP: 4/4
   562 | D:4      | Noticed a centaur
   578 | D:4      | Killed a centaur
   578 | D:4      | Reached skill level 4 in Axes
   578 | D:4      | Reached XP level 5. HP: 20/33 MP: 5/5
   647 | D:4      | Reached XP level 6. HP: 31/39 MP: 6/6
   650 | D:4      | Noticed a phantom
   700 | D:5      | Entered Level 5 of the Dungeon
   700 | D:5      | Found Exosed's Assorted Antiques.
   792 | D:5      | Bought a scroll labeled MENEXZ NALISS for 22 gold pieces
   792 | D:5      | Bought a scintillating jade ring for 110 gold pieces
   792 | D:5      | Identified the ring of Col Fang {rPois MP+9 Int+2 Slay+2} (You bought it in a shop on level 5 of the Dungeon)
   806 | D:5      | Reached skill level 5 in Axes
   893 | D:5      | Noticed a sky beast
   924 | D:6      | Reached XP level 7. HP: 32/44 MP: 7/7
  1039 | D:6      | Reached skill level 5 in Fighting
  1044 | D:6      | Got a crude ring mail
  1064 | D:6      | Identified the +4 ring mail of the Poles {Str-2 Int+5 Slay+3} (You found it on level 6 of the Dungeon)
  1141 | D:7      | Reached skill level 6 in Axes
  1177 | D:7      | Noticed a two-headed ogre
  1182 | D:7      | Reached skill level 5 in Armour
  1184 | D:7      | Reached XP level 8. HP: 43/51 MP: 8/8
  1191 | D:7      | Killed a two-headed ogre
  1191 | D:7      | Reached skill level 7 in Axes
  1214 | D:7      | Noticed a troll
  1256 | D:6      | Reached XP level 9. HP: 38/56 MP: 9/9
  1307 | D:7      | Killed a troll
  1335 | D:7      | Reached skill level 8 in Axes
  1371 | D:8      | Reached *** piety under Trog
  1530 | D:8      | Found a sand-covered staircase.
  1534 | Ossuary  | Entered an ossuary
  1588 | Ossuary  | Reached **** piety under Trog
  1688 | D:8      | Reached skill level 9 in Axes
  1783 | D:8      | Noticed Gastronok
  1805 | D:8      | Killed Gastronok
  1805 | D:8      | Reached skill level 10 in Axes
  1805 | D:8      | Reached XP level 10. HP: 23/65 MP: 10/10
  1944 | D:9      | Found a staircase to the Orcish Mines.
  2010 | D:9      | p0werm0de: !blame beem
  2011 | D:9      | XtahuaRules: I pronounce beem... Guilty!
  2051 | Orc:1    | Entered Level 1 of the Orcish Mines
  2054 | Orc:1    | Noticed a deep elf mage
  2054 | Orc:1    | Noticed a deep elf mage
  2062 | Orc:1    | Noticed a deep elf mage
  2069 | Orc:1    | Noticed a deep elf mage
  2071 | Orc:1    | Reached XP level 11. HP: 71/71 MP: 11/11
  2073 | Orc:1    | Killed a deep elf mage
  2073 | Orc:1    | Reached skill level 11 in Axes
  2074 | Orc:1    | Noticed a deep elf mage
  2080 | Orc:1    | Noticed a deep elf mage
  2168 | D:9      | Noticed a two-headed ogre
  2210 | D:9      | Killed a two-headed ogre
  2239 | D:10     | Entered Level 10 of the Dungeon
  2239 | D:10     | Noticed Joseph
  2250 | D:10     | Killed Joseph
  2305 | D:10     | Reached skill level 10 in Fighting
  2362 | D:10     | Sergey: !hs * GrBe
  2363 | D:10     | XtahuaRules: 42542. 4thArraOfDagon the Imperceptible (L27 GrBe of Trog), escaped with the Orb and 15 runes on 2015-12-22 16:02:41, with 48660090 points after 29733 turns and 4:25:08.
  2382 | D:10     | Reached skill level 10 in Armour
  2393 | D:10     | Noticed an unseen horror
  2404 | D:10     | Noticed a six-headed hydra
  2434 | D:10     | Killed an unseen horror
  2450 | D:10     | Noticed a two-headed ogre
  2450 | D:10     | Noticed a two-headed ogre
  2467 | D:10     | Killed a two-headed ogre
  2467 | D:10     | Reached skill level 12 in Axes
  2546 | D:10     | Killed a two-headed ogre
  2576 | D:10     | Noticed a deep elf archer
  2619 | D:10     | Reached XP level 12. HP: 79/79 MP: 12/12
  2747 | D:10     | magipi: wow
  2768 | D:10     | magipi: a GrBe indeed
  2774 | D:10     | Killed a six-headed hydra
  2898 | D:11     | Found Womurgh's Distillery.
  2898 | D:11     | Found Ojosheci's Assorted Antiques.
  2903 | D:11     | Bought a potion of curing for 45 gold pieces
  2916 | D:11     | Bought a crude pewter ring for 130 gold pieces
  2916 | D:11     | Bought a smoky golden potion for 23 gold pieces
  2916 | D:11     | Bought a scroll labeled YMERGH XUAPPI for 26 gold pieces
  2917 | D:11     | Identified the ring "Pumniast" {rElec rC+} (You bought it in a shop on level 11 of the Dungeon)
  2926 | D:11     | Found Loymop's Book Boutique.
  2955 | D:11     | Reached skill level 13 in Axes
  3004 | D:11     | Sergey: why dont you pick books ?
  3020 | D:11     | there
  3022 | D:11     | Found a staircase to the Lair.
  3030 | D:11     | Sergey: arent you going to switch trog ?
  3240 | Lair:1   | Entered Level 1 of the Lair of Beasts
  3240 | Lair:1   | Found a labyrinth entrance.
  3249 | Lab      | Entered a labyrinth
  3403 | Lab      | Noticed a minotaur
  3421 | Lab      | Killed a minotaur
  3505 | Lair:1   | Noticed Harold
  3516 | Lair:1   | Killed Harold
  3722 | Lair:3   | Noticed a seven-headed hydra
  3734 | Lair:3   | Reached XP level 13. HP: 67/86 MP: 13/13
  3754 | Lair:3   | HP: 5/129 [20-headed hydra (2)]
  3754 | Lair:3   | Slain by a 20-headed hydra

Vault maps used:
D:1:      evilmike_arrival_fibonacci_small, skrybe_limestone_x
D:2:      first_ration, uniq_sigmund, uniq_jessica, uniq_robin
D:3:      minmay_roachtagon, uniq_grinder, uniq_natasha
D:4:      serial_bayou_pond_d
D:5:      minmay_temple_entry_nine_rooms, serial_shops, nicolae_shop_stone,
          uniq_edmund
D:6:      lightli_minifort, uniq_pikel, uniq_crazy_yiuf_cottage
D:8:      zin_academy, nicolae_ossuary_entry_plus, grunt_livestock,
          uniq_gastronok
D:9:      david_orc_3
D:10:     minmay_the_grid_3x3, uniq_joseph
D:11:     erik_lair_island, serial_shops, shop, kennysheep_little_box, shop,
          shop_statue
Lair:1:   lemuel_ratsnest, lab_entry_generic, minmay_lair_oklob_bushes,
          uniq_harold
Lair:2:   minmay_shoals_entry_lonely_mermaid, basic_altar, st_stairs_13
Lair:3:   gammafunk_cloud_chamber, guppyfry_snake_entry_garden,
          grunt_megastairs_5
Orc:1:    elves_outpost_lemuel, uniq_erica
Lab:      labyrinth_hidden_loot, labyrinth_fake_exit, nicolae_lab_flowing_pool,
          nicolae_lab_grate
Ossuary:  ossuary_tomb_1

Skill      XL: |  1  2  3  4  5  6  7  8  9 10 11 12 |
---------------+-------------------------------------+-----
Axes           | 3 4 5 6 7 10 12 13 | 13.8
Dodging        | 2 |  2.0
Armour         | 3 4 5 6 8 9 10 11 | 11.9
Fighting       | 4 5 6 8 9 10 12 | 12.1

Action                   |  1- 3 |  4- 6 |  7- 9 | 10-12 | 13-15 || total
-------------------------+-------+-------+-------+-------+-------++-------
Melee: Hand axe          |    41 |    89 |   165 |   424 |    20 ||   739
Invok: Berserk           |     3 |     2 |     8 |    21 |       ||    34
       Trog's Hand       |       |     1 |     5 |    20 |       ||    26
       Brothers in Arms  |       |       |       |     3 |       ||     3
Evoke: Wand              |       |       |       |    10 |       ||    10
  Use: Scroll            |       |       |       |    11 |       ||    11
  Eat: Chunk             |     1 |     4 |    12 |    30 |       ||    47
       Ration            |       |       |       |     2 |       ||     2
Armor: Animal skin       |    13 |       |       |       |       ||    13
       Plate armour      |    20 |    97 |     5 |       |       ||   122
       Ring mail         |       |       |    95 |   291 |    38 ||   424
Dodge: Dodged            |    36 |    46 |    94 |   291 |    30 ||   497

Table legend:
 A = Spawn XP
 B = Non-spawn XP
 C = Spawn XP percentage of total XP
 D = Spawn monster count
 E = Non-spawn monster count
 F = Spawn count percentage of total count
 G = Total turns spent on level
                    A         B        C        D         E        F      G
               +---------+---------+-------+---------+---------+-------+---------
         Total |       0 |   33960 |   0.0 |       0 |     305 |   0.0 |  3754
               +---------+---------+-------+---------+---------+-------+---------
           D:1 |       0 |      32 |   0.0 |       0 |      16 |   0.0 |   186
           D:2 |       0 |      52 |   0.0 |       0 |      13 |   0.0 |   211
           D:3 |       0 |      29 |   0.0 |       0 |       6 |   0.0 |   143
           D:4 |       0 |     225 |   0.0 |       0 |      11 |   0.0 |   160
           D:5 |       0 |     192 |   0.0 |       0 |       6 |   0.0 |   185
           D:6 |       0 |     377 |   0.0 |       0 |       7 |   0.0 |   301
           D:7 |       0 |    1907 |   0.0 |       0 |      28 |   0.0 |   174
           D:8 |       0 |    4226 |   0.0 |       0 |      21 |   0.0 |   387
           D:9 |       0 |    2995 |   0.0 |       0 |      30 |   0.0 |   371
          D:10 |       0 |   12710 |   0.0 |       0 |      66 |   0.0 |   677
          D:11 |       0 |    2641 |   0.0 |       0 |      27 |   0.0 |   275
        Lair:1 |       0 |    1118 |   0.0 |       0 |       3 |   0.0 |   126
        Lair:2 |       0 |    1170 |   0.0 |       0 |       3 |   0.0 |   110
        Lair:3 |       0 |    4129 |   0.0 |       0 |      17 |   0.0 |    76
         Orc:1 |       0 |    1009 |   0.0 |       0 |      11 |   0.0 |    31
           Lab |       0 |     832 |   0.0 |       0 |       1 |   0.0 |   202
       Ossuary |       0 |     316 |   0.0 |       0 |      39 |   0.0 |   139
               +---------+---------+-------+---------+---------+-------+---------
